 Dungeon Crawl Stone Soup version 0.26-a0-850-g97a50ab700 (webtiles) character file.

Game seed: 12403725125514468511

61060 IdlyInterested the Grand Scion (level 14, -10/93 HPs)
             Began as a Demonspawn Fighter on Nov 19, 2020.
             Was a High Priest of Hepliaklqana.
             Mangled by an orc warrior
             ... wielding a +0 flail
              (13 damage)
             ... on level 1 of the Orcish Mines on Nov 20, 2020.
             The game lasted 01:50:29 (25407 turns).

IdlyInterested the Grand Scion (DsFi)              Turns: 25407, Time: 01:50:30

Health: -10/93     AC:  8    Str: 28    XL:     14   Next: 59%
Magic:  0/23       EV: 16    Int: 13    God:    Hepliaklqana [*****.]
Gold:   383        SH: 12    Dex: 16    Spells: 13/13 levels left

rFire    + + .     SeeInvis .   o - +8 dagger
rCold    + + .     Faith    .   A - +0 kite shield of Lifelessness {+Fly Str+4 Stlth+}
rNeg     . . .     Spirit   +   K - +2 robe {rC+ rF+}
rPois    .         Reflect  .   Y - +1 hat {MR+}
rElec    .         Harm     .   X - scarf {rC+ rF+}
rCorr    .         Rampage  .   H - +2 pair of gloves
MR       ++...     Rnd*Rage +   (no boots)
Stlth    +++++++...             C - amulet of guardian spirit
HPRegen  0.25/turn              O - ring of stealth
MPRegen  0.18/turn              c - ring "Upnih" {+Fly Str+6 Int+3}

@: berserk cooldown, slowed, very slow
A: reduced essence, horns 1, talons 2, berserk 1, demonic guardian 1, spiny 2
a: Recall Ancestor, Ancestor Identity, Transference, Idealise, Renounce
Religion, Evoke Flight


You were on level 1 of the Orcish Mines.
You worshipped Hepliaklqana.
Hepliaklqana was extremely pleased with you.
You visited 4 branches of the dungeon, and saw 19 of its levels.
You also visited: Sewer.

You collected 1488 gold pieces.
You spent 1105 gold pieces at shops.

Inventory:

Hand Weapons
 n - a +4 scimitar of flaming
 o - a +8 dagger (weapon)
 t - a +2 short sword of electrocution
Missiles
 d - 2 datura-tipped darts
 q - 5 curare-tipped darts
 y - 93 poisoned darts (quivered)
 D - 3 throwing nets
 P - 4 boomerangs
 W - 10 atropa-tipped darts
Armour
 u - a +0 robe of positive energy
 x - a +0 troll leather armour
 A - the +0 kite shield of Lifelessness (worn) {+Fly Str+4 Stlth+}
   (You took it off an orc wizard on level 5 of the Dungeon)

   It affects your strength (+4).
   It lets you fly.
   It makes you more stealthy.
 H - a +2 pair of gloves (worn)
 K - a +2 robe of resistance (worn)
 X - a scarf of resistance (worn)
 Y - a +1 hat of magic resistance (worn)
Magical Staves
 F - an uncursed staff of air
 M - an uncursed staff of death
Jewellery
 a - a +4 ring of evasion
 c - the ring "Upnih" (right hand) {+Fly Str+6 Int+3}
   (You found it on level 6 of the Lair of Beasts)

   [ring of flight]

   It affects your strength (+6).
   It affects your intelligence (+3).
   It lets you fly.
 i - an uncursed ring of ice
 k - an uncursed ring of protection from fire
 C - an amulet of guardian spirit (around neck)
 O - a ring of stealth (left hand)
 Q - an uncursed ring of see invisible
Wands
 l - a wand of disintegration (25)
 w - a wand of enslavement (13)
 S - a wand of digging (13)
 T - a wand of paralysis (6)
 Z - a wand of flame (14)
Scrolls
 e - 10 scrolls of remove curse
 h - 3 scrolls of fear
 j - 9 scrolls of identify
 p - 3 scrolls of amnesia
 s - 15 scrolls of teleportation
 I - 3 scrolls of magic mapping
 L - 3 scrolls of blinking
Potions
 b - 2 potions of magic
 f - a potion of resistance
 m - 7 potions of curing
 r - a potion of mutation
 z - a potion of heal wounds
 B - a potion of haste
 E - 2 potions of brilliance
 G - a potion of ambrosia {unknown}
 N - 4 potions of cancellation
 U - 2 potions of invisibility
Miscellaneous
 v - a condenser vane
 J - a box of beasts (inert)
 V - a tin of tremorstones (inert)


   Skills:
 + Level 7.9 Fighting
 + Level 10.8 Short Blades
 + Level 5.0 Throwing
 + Level 5.9 Armour
 + Level 7.6 Dodging
 * Level 12.8 Stealth
 * Level 8.1 Shields
 * Level 12.9 Invocations
 + Level 5.4 Evocations


You had 13 spell levels left.
You didn't know any spells.
Your spell library contained the following spells:

 Spells                   Type           Power        Failure   Level
 Corona                   Hex            #......      58%         1
 Magic Dart               Conj           #...         58%         1
 Sandblast                Erth           #.....       58%         1
 Sting                    Tmut/Pois      #...         58%         1
 Blink                    Tloc           N/A          75%         2
 Call Imp                 Summ           #.......     75%         2
 Ensorcelled Hibernation  Hex/Ice        #.....       75%         2
 Passwall                 Tmut/Erth      #.......     75%         2
 Slow                     Hex            #.......     75%         2
 Wereblood                Tmut           #.......     75%         2
 Confusing Touch          Hex            #.......     92%         3
 Conjure Flame            Conj/Fire      #.......     92%         3
 Dazzling Flash           Conj/Hex       #.....       92%         3
 Gell's Gravitas          Tloc           #.........   92%         3
 Inner Flame              Hex/Fire       #.......     92%         3
 Mephitic Cloud           Conj/Pois/Air  #.......     92%         3
 Portal Projectile        Hex/Tloc       #.....       92%         3
 Stone Arrow              Conj/Erth      #.....       92%         3
 Tukima's Dance           Hex            #.......     92%         3
 Cause Fear               Hex            #.........   100%        4
 Leda's Liquefaction      Hex/Erth       #.........   100%        4
 Petrify                  Tmut/Erth      #.......     100%        4
 Alistair's Intoxication  Tmut/Pois      #........    100%        5
 Borgnjor's Vile Clutch   Necr/Erth      #.........   100%        5
 Irradiate                Conj/Tmut      #.........   100%        5
 Lee's Rapid Deconstruct  Erth           #.........   100%        5
 Metabolic Englaciation   Hex/Ice        #.........   100%        5
 Silence                  Hex/Air        #.........   100%        5
 Summon Demon             Summ           #.........   100%        5
 Summon Forest            Summ/Tloc      #.........   100%        5
 Summon Mana Viper        Hex/Summ       #.......     100%        5
 Yara's Violent Unravell  Hex/Tmut       #.........   100%        5
 Shadow Creatures         Summ           N/A          100%        6
 Dragon Form              Tmut           #.........   100%        7
 Summon Hydra             Summ           #.........   100%        7


Dungeon Overview and Level Annotations

Branches:
Dungeon (11/15)            Temple (1/1) D:4            Lair (6/6) D:9
  Swamp (0/4) Lair:4        Snake (0/4) Lair:3        Slime (0/5) Lair:5
    Orc (1/2) D:11          Sewer (visited)

Altars:
Ashenzari
Cheibriados
Dithmenos
Elyvilon
Fedhas
Gozag
Hepliaklqana
Kikubaaqudgha
Makhleb
Nemelex Xobeh
Okawaru
Qazlal
Ru
Sif Muna
Trog
Uskayaw
Vehumet
Wu Jian
Xom
Yredelemnul
Zin
The Shining One
Beogh

Shops:
D:4 }}[   D:6 :   D:11 ?


Innate Abilities, Weirdness & Mutations

You have razor-sharp toenails.
A weak demonic guardian rushes to your aid.
You are mostly covered in sharp spines.
Your life essence is reduced to manifest your ancestor. (-10% HP)
You have a pair of small horns on your head.
You tend to lose your temper in combat.


Message History

You closely miss the orc knight.
You claw the orc knight, but do no damage.
Your headbutt misses the orc knight.
The orc knight is heavily wounded.
The orc barely misses you.
Your ufetubus barely misses the orc warrior.
Your ufetubus hits the orc warrior but does no damage.
You block the orc warrior's attack. The troll barely misses you.
The troll claws you.
* * * LOW HITPOINT WARNING * * *
The troll claws you but does no damage. The orc knight closely misses you.
You barely miss the orc knight.
You claw the orc knight, but do no damage.
You headbutt the orc knight, but do no damage.
The orc knight is heavily wounded.
The orc warrior no longer looks unusually strong.
You block the orc's attack.
Your ufetubus hits the orc warrior.
Your ufetubus barely misses the orc warrior.
The orc warrior hits you with a +0 flail!
You die...

# # ## #.###. .#
....... .
.......##.
......#..## # ...
.........<##.#....
>......)).))......
...)_.5ooo).)#....
..).)..o@T.##.o...
..)...5o#### o...
..)...#)# o..
......... To
$..#...... .
........... .
.......#.
...........
.....#...#.##


You could see an orc knight, a troll (drained), 2 orc warriors, 2 orcs, a
friendly shadow imp (summoned) and a friendly ufetubus (summoned).

Vanquished Creatures
  Snorg (Lair:3)
  Harold (Lair:2)
  Fannar (Lair:3)
  9 hydras
  4 two-headed ogres
  9 death yaks
  An orc knight (Orc:1)
  A salamander (Lair:5)
  A wolf spider (Lair:6)
  3 elephants (Lair:5)
  A centaur zombie (D:10)
  6 black mambas
  2 guardian serpents
  4 rime drakes
  15 cane toads
  A kobold demonologist (D:10)
  13 komodo dragons
  A troll (D:10)
  2 hornets (Lair:6)
  Prince Ribbit (D:6)
  9 blink frogs
  3 redbacks (Lair:6)
  A wraith (D:10)
  48 yaks
  A fire bat (Lair:5)
  15 wyverns
  3 basilisks
  The ghost of delverdan the Slasher, an amateur HuFi (D:3)
  4 nagas (Lair:3)
  2 swamp worms (Lair:4)
  19 water moccasins
  5 orc warriors
  3 sky beasts
  Purgy (Sewer)
  A black bear (D:8)
  2 ice beasts
  An eye of draining (D:11)
  3 ogres
  A swamp drake (Lair:2)
  4 centaurs
  15 wolves (Lair:3)
  A big kobold (D:10)
  10 bullfrogs
  A wyvern zombie (D:10)
  2 scorpions
  2 jellies (D:10)
  8 killer bees
  5 electric eels
  10 wights
  6 howler monkeys
  4 orc priests
  7 hounds
  4 iguanas
  8 orc wizards
  2 bullfrog skeletons
  2 centaur skeletons (D:10)
  Ijyb (D:4)
  3 worker ants
  6 hell rats (Lair:2)
  A howler monkey zombie (D:7)
  A gnoll (D:4)
  A hexer (D:6)
  6 adders
  A shadow imp (D:8)
  A white imp (D:9)
  5 ufetubi
  An adder skeleton (D:4)
  2 worms
  2 dart slugs (D:1)
  7 leopard geckos
  39 orcs
  6 bats
  2 giant cockroaches
  5 hobgoblins
  21 jackals
  6 quokkas
  A ball python (D:4)
  5 frilled lizards
  11 goblins
  A jackal skeleton (D:2)
  A jackal zombie (D:6)
  14 kobolds
  A leopard gecko skeleton (D:8)
  3 rats
445 creatures vanquished.

Vanquished Creatures (collateral kills)
  Gastronok (Lair:3)
  The ghost of Ryanivupn the Protected, a journeyman GnWn of Cheibriados (Lair:2)
  The ghost of jestyr24 the Cleaver, a novice MiBe of Trog (D:10)
  Erica (D:9)
  Pikel (D:8)
  3 cane toads
  A rime drake (Lair:2)
  2 komodo dragons
  A troll (D:9)
  3 blink frogs
  A meliai zombie (D:10)
  12 yaks
  A fire bat (Lair:5)
  A human (D:6)
  A swamp worm (Lair:4)
  A water moccasin (Lair:1)
  5 orc warriors
  An ice beast (D:11)
  2 phantoms
  2 wolves (Lair:3)
  A necrophage (D:11)
  3 ogres
  2 centaurs
  A lemure (D:8)
  4 bullfrogs
  2 scorpions
  A killer bee (D:10)
  4 wights
  2 electric eels (Lair:6)
  A howler monkey (D:9)
  A centaur zombie (D:6)
  A jelly (D:7)
  A hound (D:8)
  A bullfrog skeleton (D:9)
  Jessica (D:2)
  A centaur skeleton (D:5)
  An orc wizard (Orc:1)
  A hound skeleton (D:4)
  A worker ant zombie (D:11)
  3 adders
  A white imp (D:5)
  A worm (D:3)
  2 leopard geckos
  8 orcs
  A giant cockroach (D:2)
  A goblin (D:3)
  2 jackals
  A quokka (D:5)
  A frilled lizard (D:2)
  A goblin skeleton (D:6)
  A kobold (D:3)
95 creatures vanquished.

Vanquished Creatures (others)
  A howler monkey (D:8)
  18 hexers
  25 fungi
  58 plants
102 creatures vanquished.

Grand Total: 642 creatures vanquished

Notes
Turn   | Place    | Note
-------+----------+-------------------------------------------
     0 | D:1      | IdlyInterested the Demonspawn Fighter began the quest for
                  | the Orb.
     0 | D:1      | Reached XP level 1. HP: 18/18 MP: 1/1
   162 | D:1      | Gained mutation: A weak demonic guardian rushes to your
                  | aid. [demonic ancestry]
   162 | D:1      | Reached XP level 2. HP: 23/24 MP: 2/2
   471 | D:1      | Gained mutation: You have sharp toenails. [demonic
                  | ancestry]
   471 | D:1      | Reached XP level 3. HP: 29/29 MP: 3/3
   972 | D:2      | Noticed Jessica
   973 | D:2      | You fall into a shaft and drop 1 floor!
  1028 | D:3      | Found a runed translucent gate.
  1028 | D:3      | Found a runed translucent gate.
  1030 | D:3      | Found a runed translucent gate.
  1030 | D:3      | Noticed delverdan's ghost (amateur HuFi)
  1044 | D:3      | Found a hazy altar of Hepliaklqana.
  1069 | D:3      | Became a worshipper of Hepliaklqana the Forgotten
  1358 | D:3      | Reached skill level 1 in Stealth
  1469 | D:3      | Found a glowing drain.
  1486 | Sewer    | Entered a sewer
  1841 | Sewer    | Noticed Purgy
  1850 | Sewer    | Killed Purgy
  1851 | Sewer    | Reached skill level 1 in Throwing
  1851 | Sewer    | Reached XP level 4. HP: 23/31 MP: 4/4
  1945 | D:3      | Reached XP level 5. HP: 27/36 MP: 5/5
  2327 | D:2      | Killed Jessica
  2361 | D:2      | Reached * piety under Hepliaklqana
  2853 | D:3      | Killed delverdan's ghost
  2854 | D:3      | Reached skill level 1 in Dodging
  2854 | D:3      | Reached skill level 1 in Invocations
  2854 | D:3      | Gained mutation: You are partially covered in sharp spines.
                  | [demonic ancestry]
  2854 | D:3      | Reached XP level 6. HP: 14/42 MP: 5/7
  3277 | D:4      | Found Ytokk's Assorted Antiques.
  3465 | D:4      | Noticed Ijyb
  3476 | D:4      | Killed Ijyb
  3485 | D:4      | Found a staircase to the Ecumenical Temple.
  3505 | Temple   | Entered the Ecumenical Temple
  3841 | D:4      | Found Jarch's Gadget Shoppe.
  3895 | D:4      | Found Biyssieli's Gadget Shoppe.
  3971 | D:4      | Found Jont's Armour Shoppe.
  4222 | D:4      | Upgraded the game from 0.26-a0-846-gcc8f1ee719 to
                  | 0.26-a0-850-g97a50ab700
  4242 | D:5      | Entered Level 5 of the Dungeon
  4288 | D:5      | Identified the +0 kite shield of Lifelessness {+Fly Str+4
                  | Stlth+}
  4301 | D:5      | Reached XP level 7. HP: 29/47 MP: 8/8
  4579 | D:5      | Found a snail-covered altar of Cheibriados.
  4601 | D:5      | Reached ** piety under Hepliaklqana
  4602 | D:5      | Remembered your ancestor Mettia as a hexer
  5024 | D:6      | Found Fadagogg's Book Emporium.
  5519 | D:6      | Noticed a human
  5520 | D:6      | Found a runed translucent door.
  5524 | D:6      | Found a basalt altar of Yredelemnul.
  5537 | D:6      | Killed a human
  5538 | D:6      | Reached XP level 8. HP: 48/54 MP: 9/11
  5629 | D:6      | Reached skill level 5 in Short Blades
  5757 | D:6      | Noticed Prince Ribbit
  5761 | D:6      | Killed Prince Ribbit
  6091 | D:6      | Reached skill level 5 in Invocations
  6296 | D:6      | Found a bloodstained altar of Trog.
  6313 | D:6      | Reached skill level 5 in Stealth
  6313 | D:6      | Reached skill level 1 in Evocations
  6443 | D:6      | Gained mutation: You are weak. (Str -2) [potion of
                  | mutation]
  6443 | D:6      | Gained mutation: You have razor-sharp toenails. [potion of
                  | mutation]
  6490 | D:7      | Mutation became permanent: You have sharp toenails.
                  | [demonic ancestry]
  6490 | D:7      | Gained mutation: You have razor-sharp toenails. [demonic
                  | ancestry]
  6490 | D:7      | Reached XP level 9. HP: 59/59 MP: 13/13
  6948 | D:7      | Found an opulent altar of Gozag.
  7952 | D:8      | Reached *** piety under Hepliaklqana
  8622 | D:8      | Noticed a two-headed ogre
  8646 | D:8      | Killed a two-headed ogre
  8647 | D:8      | Reached XP level 10. HP: 44/65 MP: 9/15
  9033 | D:8      | Noticed Pikel
  9034 | D:8      | Found an ancient bone altar of Kikubaaqudgha.
  9054 | D:8      | Killed Pikel
  9274 | D:9      | Found a sacrificial altar of Ru.
  9281 | D:9      | Found a shadowy altar of Dithmenos.
  9347 | D:9      | Noticed Erica
  9366 | D:9      | Killed Erica
  9367 | D:9      | Reached skill level 5 in Armour
  9891 | D:9      | Found an opulent altar of Gozag.
  9895 | D:9      | Found the +5 robe of Misfortune {*Contam Harm *Corrode
                  | *Drain *Slow EV+5}
 10184 | D:9      | Found a staircase to the Lair.
 10638 | D:4      | Bought a box of beasts for 440 gold pieces
 10777 | Lair:1   | Entered Level 1 of the Lair of Beasts
 10794 | D:10     | Entered Level 10 of the Dungeon
 10869 | D:10     | Noticed a two-headed ogre
 10884 | D:10     | Reached skill level 5 in Fighting
 10886 | D:10     | Killed a two-headed ogre
 11315 | D:10     | Reached XP level 11. HP: 66/71 MP: 17/17
 11495 | D:10     | Noticed a two-headed ogre
 11534 | D:10     | Killed a two-headed ogre
 11535 | D:10     | Reached skill level 5 in Shields
 12115 | D:10     | Found a runed translucent door.
 12116 | D:10     | Noticed jestyr24's ghost (novice MiBe)
 12507 | D:10     | Killed jestyr24's ghost
 12607 | D:10     | Identified the Disquisition on Vitriolic Transmigration
 12770 | D:11     | Noticed a two-headed ogre
 12777 | D:11     | Killed a two-headed ogre
 12880 | D:11     | Found a staircase to the Orcish Mines.
 13484 | D:11     | Found Xekhlin's Magic Scroll Shoppe.
 13680 | D:11     | Bought 2 scrolls of enchant armour for 225 gold pieces
 13680 | D:11     | Identified a scroll of acquirement
 13680 | D:11     | Acquired a scarf of resistance
 13791 | Lair:1   | Reached **** piety under Hepliaklqana
 13841 | Lair:1   | Noticed a six-headed hydra
 13860 | Lair:1   | Killed a three-headed hydra
 13885 | Lair:1   | Reached XP level 12. HP: 43/77 MP: 13/19
 13938 | Lair:1   | Reached skill level 10 in Invocations
 15075 | Lair:2   | Found a runed translucent door.
 15075 | Lair:2   | Noticed Ryanivupn's ghost (journeyman GnWn)
 15267 | Lair:2   | Lost mutation: You are weak. (Str -2) [potion of mutation]
 15267 | Lair:2   | Gained mutation: You are dopey. (Int -2) [potion of
                  | mutation]
 15267 | Lair:2   | Lost mutation: You are dopey. (Int -2) [potion of mutation]
 15267 | Lair:2   | Gained mutation: You have sharp fingernails. [potion of
                  | mutation]
 15267 | Lair:2   | Gained mutation: Your system is resistant to poisons.
                  | (rPois) [potion of mutation]
 15276 | Lair:2   | Noticed Sonja
 15287 | Lair:2   | Noticed Sonja
 15287 | Lair:2   | Sonja changed into Sonja the swamp drake
 15295 | Lair:2   | Killed Sonja the swamp drake
 15356 | Lair:2   | Noticed Harold
 15366 | Lair:2   | Killed Harold
 15367 | Lair:2   | Reached skill level 5 in Dodging
 15434 | Lair:2   | Reached skill level 10 in Stealth
 15692 | Lair:2   | Reached ***** piety under Hepliaklqana
 16029 | Lair:2   | Killed Ryanivupn's ghost
 16249 | Lair:3   | Noticed Fannar
 16275 | Lair:3   | HP: 2/78 [cane toad (9)]
 16304 | Lair:3   | Killed Fannar
 16817 | Lair:3   | Found a staircase to the Snake Pit.
 17135 | Lair:3   | Noticed Gastronok
 17154 | Lair:3   | Killed Gastronok
 17364 | Lair:3   | Noticed Snorg
 17372 | Lair:3   | Killed Snorg
 17373 | Lair:3   | Gained mutation: You are mostly covered in sharp spines.
                  | [demonic ancestry]
 17373 | Lair:3   | Reached XP level 13. HP: 83/83 MP: 21/21
 18744 | Lair:4   | Reached skill level 10 in Short Blades
 19132 | Lair:4   | Found a staircase to the Swamp.
 19823 | Lair:4   | You fall into a shaft and drop 2 floors!
 19823 | Lair:6   | Entered Level 6 of the Lair of Beasts
 20421 | Lair:5   | Reached skill level 5 in Throwing
 21394 | D:4      | Bought a condenser vane for 440 gold pieces
 21553 | Lair:2   | Lost mutation: Your system is resistant to poisons. (rPois)
                  | [potion of mutation]
 21553 | Lair:2   | Lost mutation: You have sharp fingernails. [potion of
                  | mutation]
 21553 | Lair:2   | Gained mutation: You tend to lose your temper in combat.
                  | [potion of mutation]
 21553 | Lair:2   | Gained mutation: You have a pair of small horns on your
                  | head. [potion of mutation]
 21735 | Lair:5   | Found a staircase to the Slime Pits.
 22468 | Lair:5   | Reached XP level 14. HP: 92/92 MP: 23/23
 22529 | Lair:5   | Found a sparkling altar of Nemelex Xobeh.
 22922 | Lair:6   | Reached skill level 5 in Evocations
 23706 | Lair:6   | Got a slimy wooden ring
 23720 | Lair:6   | Identified the ring "Upnih" {+Fly Str+6 Int+3} (You found
                  | it on level 6 of the Lair of Beasts)
 25354 | Orc:1    | Entered Level 1 of the Orcish Mines
 25354 | Orc:1    | Found a roughly hewn altar of Beogh.
 25405 | Orc:1    | HP: 3/93 [orc warrior/+0 flail (3)]
 25407 | Orc:1    | Mangled by an orc warrior

Illustrated notes

Levels and vault maps discovered:
D:1:      lightli_arrival_isolated_outpost, layout_basic, grunt_decor_arrowhead
D:2:      layout_loops_ring, serial_glass, glass_columns_a, glass_columns_b,
          uniq_jessica
D:3:      layout_basic, lemuel_round_altar, cheibrodos_sewer_entry_bend,
          gammafunk_ghost_split
D:4:      minmay_evil_eye, layout_basic, temple_pool_b, serial_shops, shop,
          shop, nicolae_shop_stone, shop, minmay_pentomino_pile, uniq_ijyb
D:5:      layout_loops_ring, basic_altar
D:6:      layout_loops_ring, lemuel_doored_altar, serial_shops, shop_statue,
          serial_glass, glass_columns_a, glass_columns_a, glass_columns_b,
          dk_yredelemnul_ordeal, uniq_prince_ribbit1
D:7:      cheibrodos_barr_body, layout_loops_corners, basic_altar
D:8:      layout_basic, lemuel_coloured_pillars_altar, minivault_14, uniq_pikel
D:9:      layout_basic, hangedman_ru_absence, nicolae_overflow_crystal_walls,
          kennysheep_mini, uniq_erica
D:10:     layout_loops_ring, ebering_ghost_inner_flame,
          minmay_fractal_squares_diagonal_5
D:11:     layout_cave_pools, orc_0_dummy, serial_shops, shop,
          nrook_guardian_serpent_double
Temple:   regret_index_temple_sphere_string
Lair:1:   layout_chaotic_city
Lair:2:   layout_cave_pods, hellmonk_ghost_happy_afterlife, minivault_23,
          infiniplex_staircase_pool, grunt_megastairs_5, uniq_harold, uniq_sonja
Lair:3:   layout_layer_cave, guppyfry_snake_entry_island, beast_lair_carwin_4,
          uniq_snorg, uniq_fannar, uniq_gastronok
Lair:4:   layout_cave_pods, palyth_hydra_swamp_entry, grunt_megastairs_2
Lair:5:   layout_gridlike, slime_dummy, basic_altar, grunt_megastairs_1,
          infiniplex_staircase_pool_2, lemuel_fruit_tree
Lair:6:   hangedman_lair_tendril_chambers, layout_big_grid,
          serial_bayou_shore_a, serial_bayou_shore_b, grunt_megastairs_4,
          lemuel_fruit_fields
Orc:1:    layout_caves, nicolae_volcano_entry_lava_flow, basic_altar

Skill      XL: |  1  2  3  4  5  6  7  8  9 10 11 12 13 14 |
---------------+-------------------------------------------+-----
Short Blades   | 2 3 4 6 8 9 10 | 10.8
Armour         | 3 4 5 |  5.9
Stealth        | 1 2 3 4 5 7 8 9 11 12 | 12.8
Throwing       | 1 2 3 4 5 |  5.0
Shields        | 3 4 5 6 7 8 |  8.1
Dodging        | 1 2 3 4 5 6 7 |  7.6
Invocations    | 1 2 4 5 6 8 9 11 12 | 12.9
Fighting       | 4 5 6 7 |  7.9
Evocations     | 1 2 4 5 |  5.4

Action                   |  1- 3 |  4- 6 |  7- 9 | 10-12 | 13-15 || total
-------------------------+-------+-------+-------+-------+-------++-------
Melee: Rapier            |    23 |       |       |       |       ||    23
       Dagger            |    83 |    85 |   219 |   644 |   508 ||  1539
       Kick              |     9 |    19 |    75 |   240 |   250 ||   593
       Scimitar          |       |       |       |     4 |    31 ||    35
       Headbutt          |       |       |       |       |    87 ||    87
Throw: Stone             |    46 |     2 |       |       |       ||    48
       Dart              |       |       |     4 |    71 |     7 ||    82
       Javelin           |       |       |     2 |       |       ||     2
       Boomerang         |       |       |       |     3 |       ||     3
Invok: Ancestor Life: He |       |       |     1 |       |       ||     1
       Transference      |       |       |     1 |     3 |     1 ||     5
       Idealise          |       |       |       |     1 |     2 ||     3
Evoke: Wand              |       |       |    28 |    42 |    45 ||   115
       Tin of tremorston |       |       |       |     2 |     2 ||     4
       Box of beasts     |       |       |       |     1 |     1 ||     2
  Use: Scroll            |     5 |    10 |    11 |    11 |     5 ||    42
       Potion            |       |     1 |     1 |    11 |     8 ||    21
 Stab: Sleeping          |     3 |     5 |    12 |    14 |    16 ||    50
       Paralysed         |       |       |     1 |       |       ||     1
       Confused          |       |       |     3 |     5 |     4 ||    12
       Distracted        |       |       |     1 |    13 |     8 ||    22
Armor: Scale mail        |    16 |       |     9 |    17 |       ||    42
       Leather armour    |    10 |    14 |    16 |       |       ||    40
       Ring mail         |     6 |       |       |       |       ||     6
       Robe              |     3 |       |       |    34 |    40 ||    77
       Skin              |       |       |       |     5 |       ||     5
Dodge: Dodged            |    54 |    33 |    39 |   170 |   227 ||   523
Block: Buckler           |    26 |    10 |       |       |       ||    36
       Kite shield       |       |       |    73 |   179 |   211 ||   463
       Rpst.: Scimitar   |       |       |       |     1 |     6 ||     7

Table legend: (Time is in decaauts)
 A = Elapsed time spent in this place.
 B = Non-inter-level travel time spent in this place.
 C = Inter-level travel time spent in this place.
 D = Time resting spent in this place.
 E = Time spent auto-exploring this place.
 F = Levels seen in this place.
 G = Mean time per level.
                   A        B        C        D        E       F      G
               +--------+--------+--------+--------+--------+-----+--------+
         Total |  24982 |  23217 |   1765 |   6680 |  11741 |  20 | 1249.1 |
       Dungeon |  13277 |  12283 |    994 |   2631 |   6842 |  11 | 1207.0 |
        Temple |    239 |    221 |     18 |      0 |    220 |   1 |  239.0 |
          Lair |  10969 |  10217 |    752 |   3836 |   4615 |   6 | 1828.2 |
  Orcish Mines |     38 |     38 |      0 |      0 |      0 |   1 |   38.0 |
         Sewer |    457 |    457 |      0 |    213 |     64 |   1 |  457.0 |
               +--------+--------+--------+--------+--------+-----+--------+

Top non-repeatable levels by time:
  Lair:6: 2813 daAuts
  Lair:4: 2560 daAuts
    D:10: 1976 daAuts
  Lair:3: 1738 daAuts
     D:8: 1714 daAuts
  Lair:2: 1589 daAuts
     D:6: 1456 daAuts
     D:9: 1449 daAuts
  Lair:5: 1360 daAuts
     D:7: 1218 daAuts
     D:3: 1123 daAuts
     D:4: 995 daAuts
    D:11: 952 daAuts
  Lair:1: 907 daAuts
     D:1: 847 daAuts
